 Dungeon Sprint DCSS version 0.26-a0-812-g31a745ddcd (webtiles) character file.

Game seed: 4333641084488952053

295 mkm the Basher (level 6, -1/66 HPs)
             Began as a Minotaur Berserker on Dec 3, 2020.
             Was a Believer of Trog.
             Slain by Sonja
             ... wielding a +2 dagger of distortion
              (2 damage)
             ... in the Dungeon (Sprint I: "Red Sonja").
             The game lasted 00:01:05 (272 turns).

mkm the Basher (Minotaur Berserker)                  Turns: 272, Time: 00:01:05

Health: -1/66      AC:  3    Str: 24    XL:     6   Next: 11%
Magic:  5/5        EV: 13    Int:  4    God:    Trog [**....]
Gold:   162        SH:  0    Dex:  9    Spells: 5/5 levels left

rFire    . . .     SeeInvis .   a - +0 mace
rCold    . . .     Faith    .   (no shield)
rNeg     . . .     Spirit   .   j - +0 leather armour
rPois    .         Reflect  .   (helmet restricted)
rElec    .         Harm     .   (no cloak)
rCorr    .         Rampage  .   (no gloves)
MR       .....     NoTele   +   (no boots)
Stlth    +.........             (no amulet)
HPRegen  0.21/turn              (no ring)
MPRegen  0.09/turn              (no ring)

@: lethally poisoned (-1 -> -10), slowed, very slow
A: retaliatory headbutt, horns 2
a: Berserk, Trog's Hand, Renounce Religion


You were in the Dungeon.
You worshipped Trog.
Trog was pleased with you.
You visited 1 branch You collected 162 gold pieces.

Inventory:

Hand Weapons
 a - a +0 mace (weapon)
Armour
 b - a +0 animal skin
 j - a +0 leather armour (worn)
Scrolls
 h - a scroll of blinking
Potions
 c - a potion of curing
 d - a potion of heal wounds
 e - a potion of haste
 f - 2 potions of magic
 g - a potion of berserk rage


   Skills:
 + Level 10.0 Fighting
 + Level 10.9 Maces & Flails
 + Level 5.3 Armour
 + Level 4.3 Dodging


You had 5 spell levels left.
You didn't know any spells.
Your spell library was empty.

Dungeon Overview and Level Annotations

Branches:
Dungeon (1/1)

Altars:
Sif Muna
Vehumet
Wu Jian

Annotations:
D Sonja


Innate Abilities, Weirdness & Mutations

You reflexively headbutt those who attack you in melee.
You have a pair of horns on your head.


Message History

You feel sick.
Sonja throws a curare-tipped dart.
The curare-tipped dart completely misses you.
Sonja gestures wildly while chanting.
Sonja blinks!
There is an open door here.
You miss Sonja. Your headbutt misses Sonja.
You feel sick.
Sonja hits you with a +2 dagger of distortion. x2
Space bends around you! Sonja barely misses you.
You sock Sonja! Your headbutt misses Sonja.
Sonja is moderately wounded.
You feel sick.
Sonja hits you with a +2 dagger of distortion. x3
Space warps horribly around you!
* * * LOW HITPOINT WARNING * * *
Sonja hits you with a +2 dagger of distortion.
* * * LOW HITPOINT WARNING * * *
Space bends around you.
* * * LOW HITPOINT WARNING * * *
Sonja hits you with a +2 dagger of distortion.
You die...

#<.#..'†.#..'..#
#..').#..').#..+
#..#####'#####'#
#..# #..# #(#
#..# #### ##)#
#..# #+#_.+ #⌠⌠#
+..._# ####
#_(#+# ##@# #K#
$.$ #$.$# ##.##
#+#


You could see Sonja.

Vanquished Creatures
  Sigmund (D)
  An ogre (D)
  A jelly (D)
  Ijyb (D)
4 creatures vanquished.

Vanquished Creatures (others)
  A gargoyle (D)
1 creature vanquished.

Grand Total: 5 creatures vanquished

Notes
Turn   | Place    | Note
-------+----------+-------------------------------------------
     0 | D        | mkm the Minotaur Berserker began the quest for the Orb.
     0 | D        | Reached XP level 1. HP: 19/19 MP: 0/0
     1 | D        | Noticed Ijyb
     4 | D        | Killed Ijyb
     4 | D        | Reached skill level 5 in Fighting
     4 | D        | Reached skill level 5 in Maces & Flails
     4 | D        | Reached XP level 2. HP: 29/29 MP: 1/1
     7 | D        | Noticed an ogre
    11 | D        | Killed an ogre
    11 | D        | Reached XP level 3. HP: 24/39 MP: 2/2
    11 | D        | Reached XP level 4. HP: 29/47 MP: 3/3
   140 | D        | Noticed Sigmund
   144 | D        | Killed Sigmund
   144 | D        | Reached ** piety under Trog
   144 | D        | Reached skill level 10 in Maces & Flails
   144 | D        | Reached skill level 5 in Armour
   144 | D        | Reached XP level 5. HP: 52/58 MP: 4/4
   187 | D        | Found a shimmering blue altar of Sif Muna.
   188 | D        | Found an ornate altar of the Wu Jian Council.
   190 | D        | Found a radiant altar of Vehumet.
   194 | D        | Reached skill level 10 in Fighting
   194 | D        | Reached XP level 6. HP: 50/66 MP: 5/5
   250 | D        | Killed a gargoyle
   268 | D        | Noticed Sonja
   272 | D        | HP: 3/66 [Sonja/+2 dagger of distortion (4)]
   272 | D        | HP: 1/66 [Sonja/+2 dagger of distortion (2)]
   272 | D        | Slain by Sonja

Illustrated notes

Levels and vault maps discovered:
D:        dungeon_sprint_1 [red_sonja_temple_1, red_sonja_temple_small_1]

Skill      XL: |  1  2  3  4  5 |
---------------+----------------+-----
Fighting       | 5 7 9 10 | 10.0
Maces & Flails | 5 8 10 | 10.9
Armour         | 3 4 5 |  5.3
Dodging        | 3 4 |  4.3

Action                   |  1- 3 |  4- 6 || total
-------------------------+-------+-------++-------
Melee: Mace              |     5 |     7 ||    12
       Headbutt          |     1 |     2 ||     3
Dodge: Dodged            |     5 |     6 ||    11

Table legend: (Time is in decaauts)
 A = Elapsed time spent in this place.
 B = Non-inter-level travel time spent in this place.
 C = Inter-level travel time spent in this place.
 D = Time resting spent in this place.
 E = Time spent auto-exploring this place.
 F = Levels seen in this place.
 G = Mean time per level.
                   A        B        C        D        E       F      G
               +--------+--------+--------+--------+--------+-----+--------+
         Total |    273 |    273 |      0 |      0 |    219 |   1 |  273.0 |
       Dungeon |    273 |    273 |      0 |      0 |    219 |   1 |  273.0 |
               +--------+--------+--------+--------+--------+-----+--------+

Top non-repeatable levels by time:
       D: 273 daAuts
